 Dungeon Crawl Stone Soup version 0.28-a0-683-ga8797d1ae1 (webtiles) character file.

Game seed: 14248902224350842440

371 bande the Covered (level 6, -1/39 HPs)
             Began as a Gargoyle Fighter on Oct 18, 2021.
             Slain by an iguana (2 damage)
             ... on level 4 of the Dungeon.
             The game lasted 00:05:27 (3555 turns).

bande the Covered (Gargoyle Fighter)                Turns: 3555, Time: 00:05:28

Health: -1/39      AC: 11    Str: 21    XL:     6   Next: 70%
Magic:  6/6        EV:  9    Int:  8    God:
Gold:   118        SH:  4    Dex: 10    Spells: 5/5 levels left

rFire   . . .      SeeInvis .   a - +0 war axe
rCold   . . .      Faith    +   c - +0 buckler
rNeg    + + .      Spirit   .   b - +0 scale mail
rPois   ∞          Reflect  .   (no helmet)
rElec   +          Harm     .   (no cloak)
rCorr   .          Rampage  .   (no gloves)
Will    .....                   (no boots)
Stlth   ..........              g - amulet of faith
HPRegen 0.13/turn               i - ring of positive energy
MPRegen 0.10/turn               (no ring)

@: no status effects
A: sickness immunity, AC +4, negative energy resistance 1, electricity
resistance, torment resistance 1, petrification resistance
a: no special abilities


You were on level 4 of the Dungeon.
You visited 1 branch of the dungeon, and saw 4 of its levels.

You collected 118 gold pieces.

Inventory:

Hand Weapons
 a - a +0 war axe (weapon)
 l - a +3 mace
Armour
 b - a +0 scale mail (worn)
 c - a +0 buckler (worn)
Jewellery
 e - a ring of ice
 g - an amulet of faith (around neck)
 i - a ring of positive energy (left hand)
Wands
 k - a wand of polymorph (6)
Scrolls
 f - 2 scrolls of identify
 h - a scroll of magic mapping
Potions
 d - a potion of might
 j - a potion of invisibility


   Skills:
 + Level 4.4 Fighting
 + Level 4.5 Axes
 + Level 4.6 Armour
 + Level 4.1 Shields


You had 5 spell levels left.
You didn't know any spells.
Your spell library contained the following spells:

 Spells                   Type           Power      Damage    Failure   Level
 Passwall                 Tmut/Erth      0%         N/A       86%         2
 Stone Arrow              Conj/Erth      0%         3d7       98%         3
 Swiftness                Air            0%         N/A       98%         3
 Animate Armour           Summ/Erth      0%         N/A       100%        4
 Invisibility             Hex            0%         N/A       100%        6
 Lehudib's Crystal Spear  Conj/Erth      0%         10d2      100%        8


Dungeon Overview and Level Annotations

Branches:
Dungeon (4/15)
 Temple: D:4-7

Altars:


Innate Abilities, Weirdness & Mutations

You are immune to sickness and miasma.
Your stone body is resilient. (AC +4)
You are immune to poison.
You resist negative energy. (rN+)
You are resistant to electric shocks. (rElec)
You are resistant to unholy torment.
You are immune to petrification.


Message History

You hit the iguana.
The iguana is almost dead.
You closely miss the iguana. The iguana misses you.
The iguana barely misses you.
Your scale mail prevents you from hitting the iguana.
The iguana is almost dead.
You hit the iguana but do no damage. The iguana completely misses you.
The iguana barely misses you.
Unknown command.
You hit the iguana but do no damage.
The iguana is almost dead.
You hit the iguana but do no damage. The iguana bites you!
* * * LOW HITPOINT WARNING * * *
The iguana bites you.
* * * LOW HITPOINT WARNING * * *
The iguana bites you but does no damage.
The iguana bites you.
* * * LOW HITPOINT WARNING * * *
You feel better. The iguana bites you.
* * * LOW HITPOINT WARNING * * *
The iguana completely misses you.
Unknown command.
You barely miss the iguana.
The iguana is almost dead.
You hit the iguana but do no damage. The iguana bites you!
* * * LOW HITPOINT WARNING * * *
You block the iguana's attack.
You barely miss the iguana.
The iguana is almost dead.
You barely miss the iguana. The iguana closely misses you. x2
Unknown command.
You hit the iguana.
You kill the iguana!
You closely miss the iguana. The iguana closely misses you.
The iguana bites you but does no damage.
Unknown command.
You barely miss the iguana.
The iguana is heavily wounded.
The iguana bites you.
You die...

......#. .......# #
.#. .[.# #. #..
..## ... ..
#..##### ≈.l ##.#
##...... .. #..#
#....# #.#@.#
##...##
##.l.#####..#..#
#.........####.##
#...........##
#..## ##..........#
#...####
...###......#
##.##.... ..#
##.....####.####..#
.. ####.....##..#
##..#
...>.........#
#...#


You could see an iguana.

Vanquished Creatures
  Sigmund (D:2)
  Jessica (D:2)
  Terence (D:2)
  An iguana (D:4)
  A gnoll (D:1)
  5 adders
  An adder skeleton (D:4)
  2 dart slugs (D:2)
  2 orcs (D:3)
  7 endoplasms
  5 giant cockroaches
  11 goblins
  7 hobgoblins
  8 jackals (D:2)
  5 quokkas
  3 ball pythons (D:2)
  A bat (D:1)
  3 frilled lizards
  5 kobolds
  5 rats
75 creatures vanquished.

Notes
Turn   | Place    | Note
-------+----------+-------------------------------------------
     0 | D:1      | bande the Gargoyle Fighter began the quest for the Orb.
     0 | D:1      | Reached XP level 1. HP: 14/14 MP: 1/1
   237 | D:1      | Reached XP level 2. HP: 17/19 MP: 2/2
   545 | D:1      | Reached XP level 3. HP: 23/23 MP: 3/3
   585 | D:1      | Found a faded altar of an unknown god.
  1415 | D:2      | Reached XP level 4. HP: 29/29 MP: 4/4
  1432 | D:2      | Noticed Jessica
  1438 | D:2      | Killed Jessica
  1572 | D:2      | Noticed Sigmund
  1581 | D:2      | Killed Sigmund
  1582 | D:2      | Reached XP level 5. HP: 22/33 MP: 5/5
  1582 | D:2      | Reached XP level 6. HP: 25/38 MP: 6/6
  2029 | D:2      | Noticed Terence
  2040 | D:2      | Killed Terence
  3550 | D:4      | HP: 1/39 [iguana (1)]
  3555 | D:4      | Slain by an iguana

Illustrated notes

Levels and vault maps discovered:
D:1:      amcnicky_arrival_flooded_fountain, layout_basic,
          basic_ecumenical_altar
D:2:      layout_basic, minmay_unequal, uniq_sigmund, uniq_terence, uniq_jessica
D:3:      layout_loops_ring, grunt_ministairs_9
D:4:      layout_layer_cave, nicolae_stop_n_shop_1, amcnicky_mini_pool_small,
          uniq_menkaure, uniq_natasha

Skill      XL: |  1  2  3  4 |
---------------+-------------+-----
Axes           | 2 4 |  4.5
Armour         | 4 |  4.6
Fighting       | 4 |  4.4
Shields        | 4 |  4.1

Action                   |  1- 3 |  4- 6 || total
-------------------------+-------+-------++-------
Melee: War axe           |   100 |   152 ||   252
  Use: Scroll            |     4 |     3 ||     7
       Potion            |       |     2 ||     2
Armor: Scale mail        |    49 |    79 ||   128
Dodge: Dodged            |    49 |    87 ||   136
Block: Buckler           |    21 |    40 ||    61

Table legend: (Time is in decaauts)
 A = Elapsed time spent in this place.
 B = Non-inter-level travel time spent in this place.
 C = Inter-level travel time spent in this place.
 D = Time resting spent in this place.
 E = Time spent auto-exploring this place.
 F = Levels seen in this place.
 G = Mean time per level.
                   A        B        C        D        E       F      G
               +--------+--------+--------+--------+--------+-----+--------+
         Total |   3639 |   3567 |     72 |    385 |   2501 |   4 |  909.8 |
       Dungeon |   3639 |   3567 |     72 |    385 |   2501 |   4 |  909.8 |
               +--------+--------+--------+--------+--------+-----+--------+

Top non-repeatable levels by time:
     D:2: 1677 daAuts
     D:1: 1250 daAuts
     D:3: 643 daAuts
     D:4: 67 daAuts
